 Dungeon Crawl Stone Soup version 0.27.1 (webtiles) character file.

Game seed: 6563156347653226302

859 MacCMillion the Caller (level 8, -6/58 HPs)
             Began as a Merfolk Summoner on Aug 21, 2021.
             Was a Priest of Fedhas.
             Killed from afar by Maggie (21 damage)
             ... with a bolt of fire
             ... on level 7 of the Dungeon.
             The game lasted 00:44:03 (7363 turns).

MacCMillion the Caller (Merfolk Summoner)           Turns: 7363, Time: 00:44:03

Health: -6/58      AC:  4    Str: 10    XL:     8   Next: 2%
Magic:  3/11       EV: 14    Int: 14    God:    Fedhas [***...]
Gold:   309        SH:  5    Dex: 18    Spells: 8/11 levels left

rFire    . . .     SeeInvis .   a - +1 trident of Tirag {vorpal, Dex+3}
rCold    . . .     Faith    .   i - +0 buckler
rNeg     . . .     Spirit   .   q - +0 leather armour
rPois    .         Reflect  .   w - +1 hat
rElec    .         Harm     .   f - scarf {repulsion}
rCorr    +         Rampage  .   (no gloves)
Will     .....                  (no boots)
Stlth    ++........             (no amulet)
HPRegen  0.19/turn              A - ring of resist corrosion
MPRegen  0.12/turn              (no ring)

@: weak-willed, mesmerised, repel missiles
A: (nimble swimmer 2), mertail
a: Renounce Religion, Wall of Briars, Grow Ballistomycete


You were on level 7 of the Dungeon.
You worshipped Fedhas.
Fedhas was most pleased with you.
You visited 1 branch of the dungeon, and saw 7 of its levels.

You collected 309 gold pieces.

Inventory:

Hand Weapons
 a - the +1 trident of Tirag (weapon) {vorpal, Dex+3}
   (You found it on level 5 of the Dungeon)

   It inflicts extra damage upon your enemies.
   Dex:       It affects your dexterity (+3).
Armour
 f - a scarf of repulsion (worn)
 i - a +0 buckler (worn)
 q - a +0 leather armour (worn)
 w - a +1 hat (worn)
Jewellery
 h - a ring of flight
 A - a ring of resist corrosion (left hand)
Wands
 u - a wand of iceblast (17)
Scrolls
 e - 3 scrolls of teleportation {unknown}
 k - a scroll of enchant armour {unknown}
 m - 4 scrolls of vulnerability
 s - a scroll of fear {unknown}
 x - a scroll of amnesia {unknown}
 y - a scroll of magic mapping {unknown}
 B - a scroll of noise {unknown}
Potions
 b - a potion of brilliance {unknown}
 g - 2 potions of lignification
 j - a potion of magic
 l - a potion of flight
 n - a potion of might
 o - a potion of degeneration {unknown}
 p - a potion of berserk rage {unknown}
 r - a potion of curing {unknown}
 v - 2 potions of cancellation {unknown}
 z - 2 potions of heal wounds {unknown}
 D - 2 potions of attraction


   Skills:
 - Level 3.0 Fighting
 + Level 4.7 Polearms
 + Level 4.7 Dodging
 - Level 2.1 Stealth
 - Level 4.0 Shields
 - Level 2.0 Spellcasting
 + Level 6.6 Summonings


You had 8 spell levels left.
You knew the following spells:

 Your Spells              Type           Power      Damage    Failure   Level
a - Summon Small Mammal   Summ           80%        N/A       2%          1
b - Call Imp              Summ           20%        N/A       3%          2

Your spell library contained the following spells:

 Spells                   Type           Power      Damage    Failure   Level
 Call Canine Familiar     Summ           20%        N/A       6%          3
 Summon Guardian Golem    Hex/Summ       10%        N/A       26%         3
 Magic Dart               Conj           4%         1d3       32%         1
 Summon Lightning Spire   Summ/Air       10%        N/A       63%         4
 Mephitic Cloud           Conj/Pois/Air  1%         N/A       67%         3
 Stone Arrow              Conj/Erth      2%         3d7       67%         3
 Bolt of Magma            Conj/Fire/Erth 0%         4d4       100%        5
 Shatter                  Erth           0%         3d5*      100%        9


Dungeon Overview and Level Annotations

Branches:
Dungeon (7/15)             Temple (0/1) D:5

Altars:
Elyvilon
Fedhas

Shops:
D:6 (

Annotations:
D:4 exclusion: ogre, Grinder
D:5 1 runed translucent door, Crazy Yiuf
D:6 Edmund
D:7 Maggie


Innate Abilities, Weirdness & Mutations

((You are quick and stealthy near water. (Stealth+, EV+, Speed+++)))
Your lower body shifts to a powerful aquatic tail in water.


Message History

Aim: Maggie, wielding a +3 halberd of flaming, wearing +0 steam dragon scales and carrying a wand of flame (23) (moderately wounded) Attack!
Your crimson imp hits Maggie but does no damage.
Your white imp hits Maggie but does no damage.
Maggie hits you from afar with a +3 halberd of flaming!
* * * LOW HITPOINT WARNING * * *
Maggie burns you.
* * * LOW HITPOINT WARNING * * *
Your crimson imp hits Maggie but does no damage.
Your white imp hits Maggie but does no damage.
Maggie casts a spell.
Maggie attempts to bespell you!
You are mesmerised by Maggie!
Your crimson imp blinks!
Your white imp hits Maggie.
Your white imp freezes Maggie.
Casting: Call Imp (safe; 3% risk of failure)
Confirm with . or Enter, or press ? or * to list all spells.
A beastly little devil appears in a puff of flame.
Maggie casts a spell.
Maggie draws you further into her thrall.
Your white imp hits Maggie.
Your white imp freezes Maggie.
Maggie casts a spell.
Maggie draws you further into her thrall.
Maggie zaps a wand.
The puff of flame is repelled.
You cannot move away from Maggie!
You cannot move away from Maggie!
Okay, then.
Okay, then.
Okay, then.
As you read the scroll labelled TYUDUB XOIS, it crumbles to dust.
Magic quickly surges around you.
It was a scroll of vulnerability.
Your white imp completely misses Maggie.
Your crimson imp closely misses Maggie.
Casting: Call Imp (safe; 3% risk of failure)
Confirm with . or Enter, or press ? or * to list all spells.
A beastly little devil appears in a puff of flame.
Maggie gestures at you while chanting. The bolt of fire hits you!!
You die...
Fedhas appreciates your contribution to the ecosystem.

#...###.####.##
...............
#............#.
#######.######
##.#####
#..##.. #.###.#
#5###5# #5@.@5#
#####.# #.# #@#
... #.# #.# ..#
#.#


You could see Maggie (mesmerising, weak-willed, ally target), 3 friendly crimson
imps and a friendly white imp (summoned, expiring, weak-willed).

Vanquished Creatures
  A black bear (D:6)
  A necrophage (D:5)
  A scorpion (D:6)
  A bullfrog zombie (D:5)
  A centaur skeleton (D:4)
  An iguana (D:6)
  An orc wizard (D:6)
  A howler monkey zombie (D:6)
  A howler monkey skeleton (D:4)
  An adder (D:5)
  A worm (D:2)
  7 orcs
  A bat (D:2)
  5 endoplasms
  3 giant cockroaches
  3 hobgoblins
  5 jackals
  2 quokkas (D:4)
  8 ball pythons
  A frilled lizard (D:2)
  12 goblins
  3 kobolds
  4 rats
65 creatures vanquished.

Vanquished Creatures (collateral kills)
  A water moccasin (D:6)
  A black bear (D:5)
  An ogre (D:5)
  2 scorpions
  A water moccasin zombie (D:6)
  A jelly (D:5)
  A centaur skeleton (D:6)
  An orc priest (D:5)
  Ijyb (D:3)
  3 iguanas
  5 adders
  A worm (D:2)
  5 orcs
  3 ball pythons
  An endoplasm (D:1)
  5 goblins
  3 jackals
  4 bats
  3 kobolds
43 creatures vanquished.

Grand Total: 108 creatures vanquished

Notes
Turn   | Place    | Note
-------+----------+-------------------------------------------
     0 | D:1      | MacCMillion the Merfolk Summoner began the quest for the
                  | Orb.
     0 | D:1      | Reached XP level 1. HP: 13/13 MP: 3/3
   154 | D:1      | Found a faded altar of an unknown god.
   269 | D:1      | Reached XP level 2. HP: 5/19 MP: 3/5
   746 | D:1      | Learned a level 2 spell: Call Imp
   776 | D:1      | Became a worshipper of Fedhas Madash
   776 | D:1      | Reached * piety under Fedhas
   820 | D:1      | Reached skill level 1 in Polearms
  1239 | D:2      | Reached XP level 3. HP: 24/24 MP: 4/6
  1276 | D:2      | Found a white marble altar of Elyvilon.
  1987 | D:3      | Reached ** piety under Fedhas
  2002 | D:2      | Reached skill level 5 in Summonings
  2577 | D:3      | Reached XP level 4. HP: 30/30 MP: 7/7
  3390 | D:3      | Noticed Ijyb
  3416 | D:3      | Killed Ijyb
  3417 | D:3      | Reached skill level 1 in Fighting
  3417 | D:3      | Reached skill level 1 in Shields
  3796 | D:4      | Reached XP level 5. HP: 25/37 MP: 4/8
  4027 | D:4      | Noticed Grinder
  4136 | D:4      | Reached *** piety under Fedhas
  4251 | D:4      | Noticed an ogre
  4324 | D:5      | Entered Level 5 of the Dungeon
  4324 | D:5      | Noticed an ogre
  4324 | D:5      | Found a staircase to the Ecumenical Temple.
  4332 | D:5      | Killed an ogre
  4333 | D:5      | Reached XP level 6. HP: 42/45 MP: 2/9
  4416 | D:5      | Noticed a black bear
  4439 | D:5      | Killed a black bear
  5147 | D:5      | Found a runed translucent door.
  5148 | D:5      | Noticed Crazy Yiuf
  5400 | D:5      | Identified the +1 trident of Tirag {vorpal, Dex+3}
  5551 | D:5      | Noticed a necrophage
  5562 | D:5      | Killed a necrophage
  5563 | D:5      | Reached skill level 6 in Summonings
  5563 | D:5      | Reached XP level 7. HP: 52/52 MP: 6/10
  6612 | D:6      | Noticed Edmund
  6949 | D:6      | Reached XP level 8. HP: 40/58 MP: 6/11
  7175 | D:6      | Found Ygrur's Firing Range.
  7342 | D:7      | Noticed Maggie
  7363 | D:7      | Killed from afar by Maggie

Illustrated notes

Levels and vault maps discovered:
D:1:      dpeg_arrival_rooms_c, layout_basic, basic_ecumenical_altar
D:2:      layout_rooms, basic_altar, chequers_garden
D:3:      kennysheep_goblin_castle, layout_basic
D:4:      cheibrodos_thug_alley, layout_basic, minmay_misc_feat_diagonals,
          uniq_grinder
D:5:      layout_basic, minmay_temple_entry_proselytizer,
          uniq_crazy_yiuf_cottage
D:6:      layout_loops_ring, dk_noncrumbling_3, nicolae_shop_firing_range,
          uniq_edmund
D:7:      layout_loops_ring, st_stairs_13, uniq_menkaure, uniq_duvessa,
          uniq_maggie

Skill      XL: |  1  2  3  4  5  6  7 |
---------------+----------------------+-----
Polearms       | 1 2 3 4 |  4.7
Summonings     | 5 6 |  6.6
Fighting       | 1 2 3 |  3.0
Shields        | 1 2 3 4 |  4.0
Dodging        | 3 4 |  4.7
Stealth        | |  2.1
Spellcasting   | |  2.0

Action                   |  1- 3 |  4- 6 |  7- 9 || total
-------------------------+-------+-------+-------++-------
Melee: Spear             |   128 |   133 |       ||   261
       Tailslap          |       |     3 |       ||     3
       Trident           |       |     7 |    56 ||    63
 Cast: Summon Small Mamm |    17 |       |       ||    17
       Call Imp          |     6 |    29 |    29 ||    64
  Use: Scroll            |     3 |       |     3 ||     6
 Stab: Distracted        |     2 |     2 |     2 ||     6
       Sleeping          |     3 |       |       ||     3
Armor: Robe              |    19 |       |       ||    19
       Leather armour    |     1 |    27 |    12 ||    40
Dodge: Dodged            |    50 |    54 |    27 ||   131
       Repelled          |       |       |     1 ||     1
Block: Buckler           |     4 |    19 |     6 ||    29
